AoeStats
← suprême leader

Hideout

507815375Analyzed
1v1 RM · 13d ago on Sep 19, 2026· 35m 4s· 2 players
Game mode
Random Map
Map size
Tiny (2 player)
Population
200
Speed
Normal
Resources
Standard
Victory
Conquest
Starting age
Dark Age
Ending age
Imperial Age
RankedLock teamsTeams togetherTeam positionsShared explorationLock speedFull tech treeHidden civsTurbo modeCheats
Victory
Defeat
🇺🇸 Sicilians · United States
1107
+18
🇧🇪 Khmer · Belgium
1148
-18
twitch.tv/WatzTheDeal
7:14 Loom
11:06 Feudal Age
11:43 Double-Bit Axe
22:41 Castle Age
21:33 Scale Mail Armor
24:36 Forging
24:27 Fletching
26:51 Iron Casting
26:31 Chain Mail Armor
26:58 Arson
27:23 Squires
28:51 Chain Mail Armor
33:47 Bodkin Arrow
37:39 Imperial Age
suprême leader
7:06 Loom
8:05 Loom
11:11 Feudal Age
16:01 Castle Age
14:14 Double-Bit Axe
15:34 Horse Collar
20:48 Heavy Plow
23:59 Town Watch
24:50 Wheelbarrow
25:36 Scale Barding Armor
26:50 Husbandry
31:16 Gold Mining
32:03 Bow Saw
32:27 Bloodlines
Connection lost

Rejoining the realm…

Still unreachable

The connection could not be restored.

Session expired

The server has moved on; the page needs a fresh start.